 Dungeon Crawl Stone Soup version 0.29.1-1-gd02db6906a (webtiles) character file.

Game seed: 15800198872185228277

34 Cataphract the Poker (level 3, -1/29 HPs)
             Began as a Human Monk on Oct 4, 2022.
             Was a Plaything of Xom.
             Slain by a hobgoblin (5 damage)
             ... led by Robin
             ... on level 2 of the Dungeon on Oct 6, 2022.
             The game lasted 00:04:03 (1283 turns).

Cataphract the Poker (Human Monk)                   Turns: 1283, Time: 00:04:05

Health: -1/29      AC:  2    Str: 11    XL:     3   Next: 50%
Magic:  3/3        EV: 13    Int: 12    God:    Xom [..*...]
Gold:   53         SH:  0    Dex: 15    Spells: 2/2 levels left

rFire   . . .      SeeInvis .   a - +0 spear
rCold   . . .      Faith    .   (no shield)
rNeg    . . .      Spirit   .   b - +0 robe
rPois   .          Reflect  .   (no helmet)
rElec   .          Harm     .   (no cloak)
rCorr   .          Rampage  .   (no gloves)
Will    .....                   (no boots)
Stlth   ++........              (no amulet)
HPRegen 0.09/turn               (no ring)
MPRegen 0.08/turn               (no ring)

@: no status effects
A: no striking features
a: Renounce Religion


You were on level 2 of the Dungeon.
You worshipped Xom.
You were a toy of Xom.
You visited 1 branch of the dungeon, and saw 2 of its levels.

You collected 53 gold pieces.

Inventory:

Hand Weapons
 a - a +0 spear (weapon)
Missiles
 l - 15 stones (quivered)
Armour
 b - a +0 robe (worn)
 f - a +0 ring mail
 k - an orb of energy
Jewellery
 d - an amulet of regeneration
 h - an amulet of guardian spirit
Scrolls
 g - 2 scrolls of noise {unknown}
 j - a scroll of identify {unknown}
Potions
 c - a potion of ambrosia
 e - 2 potions of lignification {unknown}
 i - a potion of mutation {unknown}


   Skills:
 + Level 3.3 Fighting
 + Level 3.4 Polearms
 + Level 3.4 Dodging
 + Level 2.3 Stealth


You had 2 spell levels left.
You didn't know any spells.
Your spell library contained the following spells:

 Spells                   Type           Power      Damage    Failure   Level
 Foxfire                  Conj/Fire      0%         2x1d4     32%         1
 Conjure Flame            Conj/Fire      0%         6-21      69%         3
 Inner Flame              Hex/Fire       0%         N/A       69%         3
 Flame Wave               Conj/Fire      0%         2d4       97%         4


Dungeon Overview and Level Annotations

Branches:
Dungeon (2/15)

Altars:
Xom

Annotations:
D:2 Robin


Message History

Robin says, "My goblins will feast on your bones."
You closely miss the goblin.
The goblin hits you with a +0 dagger. x2
You hit the goblin.
The goblin is moderately wounded.
The goblin hits you with a +0 dagger. x2
You hit the goblin.
You kill the goblin!
A goblin comes into view. It is wielding a +0 dagger.
The goblin hits you with a +0 dagger.
You hit the goblin.
The goblin is moderately wounded.
The goblin hits you with a +0 dagger. The goblin misses you.
You hit the goblin.
You kill the goblin!
Robin roars a battlecry!
The goblin barely misses you.
A goblin comes into view. It is wielding a +1 dagger of venom.
You hear a shout!
You hit the hobgoblin but do no damage. The goblin barely misses you.
The hobgoblin barely misses you.
You barely miss the hobgoblin. Robin throws the goblin at you!
The goblin misses you. The hobgoblin misses you.
The goblin completely misses you.
You hit the hobgoblin.
The hobgoblin is moderately wounded.
The goblin hits you with a +0 dagger.
A hobgoblin comes into view.
The hobgoblin hits you.
* * * LOW HITPOINT WARNING * * *
The goblin barely misses you.
You hit the hobgoblin.
The hobgoblin is almost dead.
You closely miss the hobgoblin.
The hobgoblin is almost dead.
Robin throws the goblin at you!
* * * LOW HITPOINT WARNING * * *
The goblin hits you but does no damage. The goblin barely misses you.
The hobgoblin hits you.
You die...
Xom howls with laughter!

. #...#.....#..#
##........#..#
##.#.........
#.#...#.#..# #
#...###..#
.<###.#.........
......#..####..#
......ggg.......
.######@#####..#
#g#


#gg #g#. ..g.. #.# .. #g# ... #.# ... You could see Robin, 3 hobgoblins and 5
goblins.

Vanquished Creatures
  2 dart slugs (D:1)
  8 ball pythons (D:1)
  2 bats (D:1)
  2 endoplasms (D:1)
  3 goblins
  2 hobgoblins
  A quokka (D:1)
  2 frilled lizards (D:1)
  8 rats (D:1)
30 creatures vanquished.

Notes
Turn   | Place    | Note
-------+----------+-------------------------------------------
     0 | D:1      | Cataphract the Human Monk began the quest for the Orb.
     0 | D:1      | Reached XP level 1. HP: 18/18 MP: 1/1
   194 | D:1      | Reached XP level 2. HP: 16/24 MP: 2/2
   616 | D:1      | Reached XP level 3. HP: 17/29 MP: 3/3
   699 | D:1      | Found a faded altar of an unknown god.
   709 | D:1      | Prayed at the altar of an unknown god.
   709 | D:1      | Became a worshipper of Xom of Chaos
  1270 | D:2      | Noticed Robin
  1283 | D:2      | Slain by a hobgoblin

Illustrated notes

Levels and vault maps discovered:
D:1:      amcnicky_arrival_flooded_fountain, layout_loops_ring,
          dreamdust_ecumenical_altar_angels_and_demons, st_stairs_10,
          minmay_pentomino_v2
D:2:      layout_basic, serial_shops, nicolae_shop_stone, uniq_robin

Action                   || total
-------------------------++-------
Melee: Spear             ||    77
       Punch             ||     1
  Use: Potion            ||     1
 Stab: Sleeping          ||     5
Armor: Robe              ||    19
Dodge: Dodged            ||    90
